 Dungeon Crawl Stone Soup version 0.26-a0-540-g8a0c9464d7 (webtiles) character file.

Game seed: 12437793985201033726

3077 MalarOregon the Skirmisher (level 9, 0/79 HPs)
             Began as a Red Draconian Fire Elementalist on Aug 20, 2020.
             Was an Initiate of Gozag.
             Slain by a yak (12 damage)
             ... on level 7 of the Dungeon.
             The game lasted 00:24:42 (10239 turns).

MalarOregon the Skirmisher (DrFE)                  Turns: 10239, Time: 00:24:43

Health: 0/79       AC: 11    Str: 10    XL:     9   Next: 58%
Magic:  13/16      EV: 12    Int: 19    God:    Gozag
Gold:   522        SH:  7    Dex: 12    Spells: 7/17 levels left

rFire    + . .     SeeInvis .   g - +3 hand axe (vorpal)
rCold    . . .     Faith    .   G - +0 kite shield {AC+3}
rNeg     . . .     Spirit   .   (armour unavailable)
rPois    .         Reflect  .   (helmet restricted)
rElec    .         Harm     .   w - +0 cloak
rCorr    .                      (no gloves)
MR       .....                  (no boots)
Stlth    ++........             e - amulet of regeneration
HPRegen  0.63/turn              (no ring)
MPRegen  0.15/turn              (no ring)

@: short of breath, gold aura, very slightly contaminated, hasted, very quick
A: breathe fire, unfitting armour, fire resistance 1, cold-blooded, AC +7
a: Breathe Fire, Potion Petition, Call Merchant, Bribe Branch, Renounce Religion


You were on level 7 of the Dungeon.
You worshipped Gozag.
Gozag was pleased with you.
You visited 2 branches of the dungeon, and saw 8 of its levels.
You also visited: Sewer.

You collected 792 gold pieces.
You spent 168 gold pieces at shops.
You paid 102 gold pieces to Gozag.

Inventory:

Hand Weapons
 g - a +3 vorpal hand axe (weapon)
   (You found it on level 2 of the Dungeon)
 t - a +0 hand axe of draining
   (You took it off an orc on level 3 of the Dungeon)
 y - a +2 falchion of holy wrath
   (You took it off Eustachio on level 5 of the Dungeon)
Missiles
 n - 23 poisoned darts (quivered)
 u - 7 boomerangs
 v - 4 datura-tipped darts
Armour
 w - a +0 cloak (worn)
   (You found it on level 5 of the Dungeon)
 G - a +0 kite shield of protection (worn)
   (You bought it in a shop on level 7 of the Dungeon)
Jewellery
 e - an amulet of regeneration (around neck)
   (You found it on level 2 of the Dungeon)
Wands
 x - a wand of acid (16)
   (You found it on level 5 of the Dungeon)
Scrolls
 b - a scroll of random uselessness {unknown}
 c - 6 scrolls of remove curse {@r2}
 f - 7 scrolls of teleportation {@r4}
 i - a scroll of enchant weapon
 j - 5 scrolls of identify {@r1}
 o - 3 scrolls of amnesia
 p - a scroll of magic mapping
 B - a scroll of fear {unknown}
 C - a scroll of fog {unknown}
 D - a scroll of noise {unknown}
 E - a scroll of enchant armour {unknown}
Potions
 a - 4 potions of mutation {unknown}
 d - 2 potions of brilliance
 h - 4 potions of lignification {unknown}
 k - 2 potions of resistance {unknown}
 l - 4 potions of curing {unknown}
 m - 4 potions of heal wounds {unknown}
 q - a potion of might {unknown}
 r - a potion of magic {unknown}
 s - a potion of invisibility {unknown}
 z - a potion of ambrosia {unknown}
 A - a potion of flight {unknown}
 F - a potion of stabbing {unknown}


   Skills:
 * Level 7.4 Fighting
 + Level 4.3 Axes
   Level 0.0(2.5) Polearms
 * Level 6.3 Dodging
 - Level 1.7 Stealth
 + Level 1.1 Shields
 + Level 4.6 Spellcasting
 + Level 4.6 Conjurations
 + Level 6.6 Fire Magic


You had 7 spell levels left.
You knew the following spells:

 Your Spells              Type           Power        Failure   Level
a - Foxfire               Conj/Fire      ####         8%          1
q - Sticky Flame          Conj/Fire      ####....     58%         4
x - Fireball              Conj/Fire      ####......   91%         5

Your spell library contained the following spells:

 Spells                   Type           Power        Failure   Level
 Conjure Flame            Conj/Fire      ####....     22%         3
 Inner Flame              Hex/Fire       ###.....     52%         3
 Beastly Appendage        Tmut           #.....       61%         1
 Wereblood                Tmut           #.......     75%         2
 Spider Form              Tmut/Pois      #.........   93%         3
 Ice Form                 Ice/Tmut       #.......     100%        4
 Blade Hands              Tmut           #.........   100%        5


Dungeon Overview and Level Annotations

Branches:
Dungeon (7/15)             Temple (1/1) D:5           Sewer (visited)

Altars:
Ashenzari
Cheibriados
Dithmenos
Elyvilon
Fedhas
Gozag
Hepliaklqana
Kikubaaqudgha
Makhleb
Nemelex Xobeh
Okawaru
Qazlal
Sif Muna
Trog
Uskayaw
Vehumet
Wu Jian
Xom
Yredelemnul
Zin
The Shining One

Shops:
D:7 [

Annotations:
D:4 1 runed translucent door, Yorgos's ghost, weakling GnDe
D:5 1 runed translucent door, Crazy Yiuf


Innate Abilities, Weirdness & Mutations

You can breathe blasts of fire.
Your fiery red scales are hard. (AC +7)
You cannot fit into any form of body armour.
Your flesh is heat resistant. (rF+)
You are cold-blooded and may be slowed by cold attacks.


Message History

The yak gores you but does no damage.
Aim: a yak (moderately wounded)
You breathe a blast of fire.
The fiery breath hits the yak!
The yak gores you.
* * * LOW HITPOINT WARNING * * *
The yak is engulfed in blazing flames.
You block the yak's attack.
You hit the yak. You closely miss the yak. The yak gores you!
* * * LOW HITPOINT WARNING * * *
The yak is engulfed in blazing flames.
You kill the yak!
You hit the yak but do no damage.
The yak is no longer distracted by gold.
The yak gores you!
* * * LOW HITPOINT WARNING * * *
You miscast Foxfire.
You are very lightly contaminated with residual magic.
Nothing appears to happen.
The yak gores you!
* * * LOW HITPOINT WARNING * * *
Okay, then.
Aim: a yak (moderately wounded)
The bolt of acid misses the yak.
The yak closely misses you.
Aim: a yak (moderately wounded)
The bolt of acid hits the yak!
The yak is splashed with acid.
The acid corrodes the yak!
The yak barely misses you.
The yak is engulfed in blazing flames.
The yak gores you.
* * * LOW HITPOINT WARNING * * *
Okay, then. [a] - 0 gold - lignification, might and resistance [b] - 0 gold - haste and heal wounds [c] - 0 gold - might and stabbing Purchase which effect?
You feel yourself speed up.
You feel much better. The yak gores you.
* * * LOW HITPOINT WARNING * * *
The yak gores you.
* * * LOW HITPOINT WARNING * * *
Aim: a yak (almost dead, covered in acid)
The bolt of acid hits the yak!
The yak is splashed with acid.
The yak seems to be corroded for longer.
You kill the yak!
Your Shields skill increases to level 1!
Aim: a yak (lightly wounded)
The bolt of acid hits the yak!
The yak is splashed with acid.
The acid corrodes the yak!
The yak gores you!
* * * LOW HITPOINT WARNING * * *
Here: a yak (heavily wounded, covered in acid) Item here: 19 gold pieces.
The floor, spattered with blood.
Your shield prevents you from hitting the yak.
The yak gores you!
You die...
Your body crumbles into a pile of gold.

#.### #.#.......#
#.......#..
#.......#.#.......#
#..........
#.#####.#.#.......#
#.......#.. #.#
#.#.......#
#.......#.. #.#
#.#.......#
#####.###.. #.####
#.#.......# #.# #..
....... #.#.......#
#.# ### #.#####
##.###### #.# ....
#...$@# #.# #....
#####Y# #.# ######
#.# #.# #.# #.# #.#
####.# #.# #....#
#.# #.######## #.#
#.#....... ..#
###.#[######


You could see a yak (corroded).

Vanquished Creatures
  A hornet (D:7)
  3 yaks (D:7)
  Eustachio (D:5)
  2 orc warriors
  A sky beast (D:6)
  A phantom (D:5)
  4 ogres
  2 centaurs (D:6)
  5 bullfrogs
  A scorpion (D:6)
  5 wights
  A howler monkey (D:6)
  A centaur zombie (D:7)
  2 orc priests
  3 hounds
  2 bullfrog skeletons
  4 iguanas
  2 worker ants (D:6)
  An orc wizard (D:3)
  A hound zombie (D:6)
  8 gnolls
  13 adders
  A river rat (D:3)
  2 white imps
  2 oozes (D:2)
  An adder skeleton (D:4)
  7 worms
  A dart slug (D:2)
  2 leopard geckos
  30 orcs
  5 giant cockroaches
  5 goblins
  10 hobgoblins
  15 jackals
  13 kobolds
  3 quokkas
  4 ball pythons
  9 bats
  14 frilled lizards
  A leopard gecko skeleton (D:5)
  A quokka zombie (D:5)
  6 rats
  4 plants (Sewer)
200 creatures vanquished.

Vanquished Creatures (others)
  371 foxfires
  A withered plant (D:4)
372 creatures vanquished.

Grand Total: 572 creatures vanquished

Notes
Turn   | Place    | Note
-------+----------+-------------------------------------------
     0 | D:1      | MalarOregon the Draconian Fire Elementalist began the quest
                  | for the Orb.
     0 | D:1      | Reached XP level 1. HP: 14/14 MP: 3/3
   337 | D:1      | Reached XP level 2. HP: 22/22 MP: 5/5
   342 | D:1      | Reached skill level 1 in Fighting
  1542 | D:1      | Reached XP level 3. HP: 6/28 MP: 3/6
  2236 | D:2      | Reached skill level 2 in Fighting
  2306 | D:2      | Reached XP level 4. HP: 23/36 MP: 0/7
  2431 | D:2      | Found a blossoming altar of Fedhas.
  2908 | D:2      | Reached XP level 5. HP: 37/42 MP: 2/8
  3611 | D:3      | Reached skill level 3 in Fighting
  3624 | D:3      | Reached skill level 1 in Axes
  3670 | D:3      | Reached XP level 6. HP: 45/51 MP: 3/10
  3950 | D:3      | Found a glowing drain.
  3976 | Sewer    | Entered a sewer
  5361 | D:4      | Reached skill level 4 in Fighting
  5361 | D:4      | Your scales start taking on a fiery red colour.
  5361 | D:4      | Reached XP level 7. HP: 44/59 MP: 9/11
  5361 | D:4      | Gained mutation: Your flesh is heat resistant. (rF+) [Red
                  | Draconian growth]
  5634 | D:4      | Found a radiant altar of Vehumet.
  5652 | D:4      | Found a runed translucent door.
  5652 | D:4      | Noticed Yorgos's ghost (weakling GnDe)
  6087 | D:5      | Entered Level 5 of the Dungeon
  6217 | D:5      | Noticed Eustachio
  6248 | D:5      | Killed Eustachio
  6248 | D:5      | Reached skill level 5 in Fire Magic
  6409 | D:5      | Found a sparkling altar of Nemelex Xobeh.
  6553 | D:5      | Found a staircase to the Ecumenical Temple.
  6638 | Temple   | Entered the Ecumenical Temple
  6868 | Temple   | Became a worshipper of Gozag Ym Sagoz the Greedy
  6899 | D:5      | Reached skill level 5 in Fighting
  6899 | D:5      | Reached XP level 8. HP: 60/68 MP: 9/13
  7109 | D:5      | Found a burning altar of Makhleb.
  7394 | D:5      | Found a runed translucent door.
  7395 | D:5      | Noticed Crazy Yiuf
  7621 | D:6      | Reached skill level 5 in Dodging
  7649 | D:6      | Learned a level 4 spell: Sticky Flame
  7655 | D:6      | Learned a level 5 spell: Fireball
  7791 | D:5      | Reached skill level 6 in Fighting
  8159 | D:6      | Found a hazy altar of Hepliaklqana.
  8627 | D:6      | Reached XP level 9. HP: 76/78 MP: 10/15
  9545 | D:7      | Reached skill level 7 in Fighting
  9715 | D:7      | Found Qaziut's Armour Emporium.
  9720 | D:7      | Bought a +0 kite shield of protection for 149 gold pieces
  9720 | D:7      | Bought a cursed +0 cloak for 19 gold pieces
 10237 | D:7      | Reached skill level 1 in Shields
 10239 | D:7      | Slain by a yak

Illustrated notes

Levels and vault maps discovered:
D:1:      minmay_arrival_cross, layout_loops_ring
D:2:      layout_basic, grunt_ministairs_6, fedhas_altar_1
D:3:      layout_loops_ring, cheibrodos_sewer_entry_sluice, chequers_avenue
D:4:      layout_basic, fiery_altar_vehumet, gammafunk_ghost_grave,
          minmay_misc_feat_five
D:5:      layout_basic, lemuel_doored_altar, minmay_temple_entry_slanted,
          serial_glass, glass_columns_b, glass_columns_b, basic_altar,
          minmay_between, uniq_eustachio, uniq_crazy_yiuf_cottage
D:6:      layout_gridville, kennysheep_mini, kennysheep_generic_room_13
D:7:      layout_basic, serial_shops, shop
Temple:   eino_narrow_crystal_temple

Skill      XL: |  1  2  3  4  5  6  7  8  9 |
---------------+----------------------------+-----
Dodging        | 2 3 4 5 6 |  6.3
Fighting       | 1 2 3 4 5 6 7 |  7.4
Conjurations   | 2 3 4 |  4.6
Axes           | 1 2 3 4 |  4.3
Spellcasting   | 3 4 |  4.6
Fire Magic     | 4 5 6 |  6.6
Shields        | 1 |  1.1
Stealth        | |  1.7

Action                   |  1- 3 |  4- 6 |  7- 9 || total
-------------------------+-------+-------+-------++-------
Melee: Club              |    64 |       |       ||    64
       Unarmed           |     6 |       |       ||     6
       Tailslap          |     6 |    38 |    23 ||    67
       Dagger            |    38 |       |       ||    38
       Hand axe          |       |   282 |   199 ||   481
 Cast: Foxfire           |    31 |    90 |   101 ||   222
       Sticky Flame      |       |       |    13 ||    13
Invok: Potion Petition   |       |       |     1 ||     1
 Abil: Breathe Fire      |       |       |     7 ||     7
Evoke: Wand              |       |       |     4 ||     4
  Use: Scroll            |       |     4 |     3 ||     7
 Stab: Sleeping          |     2 |     8 |     1 ||    11
       Distracted        |       |       |     1 ||     1
Armor: Skin              |    53 |    55 |    83 ||   191
Dodge: Dodged            |   101 |   133 |   196 ||   430
Block: Kite shield       |       |       |    19 ||    19

Table legend: (Time is in decaauts)
 A = Elapsed time spent in this place.
 B = Non-inter-level travel time spent in this place.
 C = Inter-level travel time spent in this place.
 D = Time resting spent in this place.
 E = Time spent auto-exploring this place.
 F = Levels seen in this place.
 G = Mean time per level.
                   A        B        C        D        E       F      G
               +--------+--------+--------+--------+--------+-----+--------+
         Total |  10517 |  10131 |    386 |   1753 |   6183 |   9 | 1168.6 |
       Dungeon |   9177 |   8817 |    360 |   1712 |   5390 |   7 | 1311.0 |
        Temple |    238 |    212 |     26 |      0 |    208 |   1 |  238.0 |
         Sewer |   1101 |   1101 |      0 |     41 |    584 |   1 | 1101.0 |
               +--------+--------+--------+--------+--------+-----+--------+

Top non-repeatable levels by time:
     D:1: 2268 daAuts
     D:6: 1485 daAuts
     D:2: 1325 daAuts
     D:7: 1231 daAuts
     D:5: 1227 daAuts
   Sewer: 1101 daAuts
     D:3: 874 daAuts
     D:4: 764 daAuts
  Temple: 238 daAuts
